 Dungeon Crawl Stone Soup version 0.29.1-1-gd02db6906a (webtiles) character file.

Game seed: 4643932359347547216

23384 LabCoat the Fighter (level 13, 0/119 HPs)
             Began as a Hill Orc Fighter on Oct 16, 2022.
             Was a Priest of Trog.
             Slain by a small abomination (3 damage)
             ... on level 3 of the Abyss.
             The game lasted 00:51:40 (16634 turns).

LabCoat the Fighter (Hill Orc Fighter)             Turns: 16634, Time: 00:51:40

Health: 0/119      AC: 21    Str: 30    XL:     13   Next: 6%
Magic:  13/13      EV: 13    Int:  8    God:    Trog [***...]
Gold:   989        SH:  6    Dex: 10    Spells: 12/12 levels left

rFire   . . .      SeeInvis .   a - +1 war axe
rCold   . . .      Faith    .   c - +0 buckler
rNeg    . . .      Spirit   .   K - +0 plate armour
rPois   .          Reflect  .   (no helmet)
rElec   .          Harm     .   Q - +0 cloak {Will+}
rCorr   .          Rampage  .   n - +1 pair of gloves
Will    +....                   h - +2 pair of boots {Fly}
Stlth   ..........              (no amulet)
HPRegen 0.00/turn               J - +6 ring of strength
MPRegen 0.13/turn               M - +4 ring of evasion

@: on berserk cooldown, sick, flying, hasted and slowed, studying Shields
A: no striking features
a: Renounce Religion, Berserk, Trog's Hand


You were on level 3 of the Abyss.
You worshipped Trog.
Trog was most pleased with you.
You visited 3 branches of the dungeon, and saw 14 of its levels.
You visited the Abyss 1 time.
You also visited: Gauntlet.

You collected 989 gold pieces.

Inventory:

Hand Weapons
 a - a +1 war axe (weapon)
 b - a +2 shortbow of flaming
 s - a +0 flail
 y - a +1 arbalest of flaming
 E - a +0 flail
Missiles
 i - 2 boomerangs (quivered)
 o - 18 poisoned darts
 H - 5 curare-tipped darts
Armour
 c - a +0 buckler (worn)
 h - a +2 pair of boots of flying (worn)
 l - a +2 cloak
 n - a +1 pair of gloves (worn)
 K - a +0 plate armour (worn)
 Q - a +0 cloak of willpower (worn)
Jewellery
 p - a ring of protection from fire
 q - a ring of flight
 r - the ring of the Mage {Wiz Archmagi}
   (You found it on level 9 of the Dungeon)

   [ring of wizardry]

   It improves your spell success rate.
   Archmagi:  It increases the power of your magical spells.
 v - a ring of fire
 x - an amulet of magic regeneration
 G - a ring of protection from fire
 J - a +6 ring of strength (left hand)
 M - a +4 ring of evasion (right hand)
Wands
 t - a wand of mindburst (2)
 w - a wand of paralysis (9)
 C - a wand of flame (2)
Scrolls
 e - a scroll of silence
 f - 3 scrolls of butterflies
 g - 2 scrolls of immolation
 k - 5 scrolls of enchant weapon
 z - 2 scrolls of noise
 F - a scroll of teleportation
 O - 4 scrolls of blinking
Potions
 d - 5 potions of flight
 j - 3 potions of ambrosia
 m - 2 potions of curing
 u - 2 potions of cancellation
 A - a potion of mutation
 B - 2 potions of attraction
 D - 2 potions of lignification
 L - a potion of heal wounds
Miscellaneous
 N - a lightning rod (inert)


   Skills:
 * Level 12.7 Fighting
 + Level 11.2 Axes
 + Level 1.9 Ranged Weapons
 + Level 6.5 Throwing
 * Level 9.9 Armour
 + Level 6.7 Dodging
 + Level 11.4 Shields
 + Level 7.1 Evocations


You had 12 spell levels left.
You didn't know any spells.
Your spell library contained the following spells:

 Spells                   Type           Power      Damage    Failure   Level
 Apportation              Tloc           0%         N/A       98%         1
 Beastly Appendage        Tmut           0%         N/A       98%         1
 Necrotise                Necr           0%         1d4       98%         1
 Summon Small Mammal      Summ           0%         N/A       98%         1
 Wereblood                Tmut           0%         N/A       99%         2
 Conjure Flame            Conj/Fire      0%         6-21      100%        3
 Gell's Gravitas          Tloc           0%         N/A       100%        3
 Lesser Beckoning         Tloc           0%         N/A       100%        3
 Spider Form              Tmut/Pois      0%         N/A       100%        3
 Teleport Other           Tloc           0%         N/A       100%        3
 Flame Wave               Conj/Fire      0%         2d4       100%        4
 Leda's Liquefaction      Hex/Erth       0%         N/A       100%        4
 Lee's Rapid Deconstruct  Erth           0%         3d5*      100%        5
 Statue Form              Tmut/Erth      0%         N/A       100%        6
 Chain Lightning          Conj/Air       0%         N/A       100%        9


Dungeon Overview and Level Annotations

Branches:
Dungeon (11/15)            Temple (1/1) D:4            Lair (2/5) D:8
 Shoals (0/4) Lair:2       Spider (0/4) Lair:2      Gauntlet (visited)
    Orc: D:9-12

Altars:
Ashenzari
Cheibriados
Dithmenos
Elyvilon
Fedhas
Gozag
Hepliaklqana
Kikubaaqudgha
Makhleb
Nemelex Xobeh
Okawaru
Qazlal
Ru
Sif Muna
Trog
Uskayaw
Vehumet
Wu Jian
Xom
Yredelemnul
Zin
The Shining One

Shops:
D:7 (

Annotations:
D:7 1 transporter, Winsalot's ghost, novice GnFE
Lair:2 1 transporter, Taiwiw's ghost, journeyman FeEn Gauntlet 13 transporters, exclusion: 2 obsidian statues


Message History

The thunderbolt hits the large abomination.
The large abomination is severely damaged.
The lightning rod overheats!
The large abomination closely misses you.
You feel yourself speed up.
A small abomination comes into view.
You block the large abomination's attack.
You slash the large abomination!
The large abomination is almost destroyed.
The large abomination hits you but does no damage.
You hit the large abomination.
The large abomination is almost destroyed.
You hit the large abomination but do no damage.
The large abomination is almost destroyed.
You hit the small abomination.
You block the small abomination's attack.
The large abomination hits you!
* * * LOW HITPOINT WARNING * * *
You hit the large abomination but do no damage.
The large abomination is almost destroyed.
You slash the small abomination!
You block the small abomination's attack.
The large abomination closely misses you.
You hit the large abomination.
The large abomination is almost destroyed.
You hit the small abomination but do no damage.
The small abomination barely misses you.
A small abomination comes into view.
You hit the large abomination.
You destroy the large abomination!
Trog accepts your kill.
You hit the small abomination but do no damage.
The small abomination misses you.
You hit the small abomination.
The small abomination is heavily damaged.
The small abomination hits you but does no damage.
You hit the small abomination.
The small abomination is severely damaged.
The small abomination hits you.
You die...

# .# #.#
###.#
####..# #
#..x.##..#
.#.#@....#
.
#.#.#.#~#
# .#.# #
##..#. #.#
# ### . .
# #


You could see a small abomination.

Vanquished Creatures
  A two-headed ogre (D:9)
  5 death yaks (Lair:2)
  A soul eater (Gauntlet)
  A thrashing horror (Abyss:3)
  3 merfolk sirens (Lair:2)
  A torpor snail (Gauntlet)
  4 black mambas
  Maggie (D:6)
  2 cane toads
  A kobold demonologist (D:10)
  An ancient zyme (Abyss:3)
  3 polar bears
  A slime creature (D:7)
  11 blink frogs
  A hornet (D:8)
  A merfolk (Lair:2)
  A raiju (Abyss:3)
  Sigmund (D:2)
  2 shadows
  A wraith (D:10)
  4 wyverns
  22 yaks
  A basilisk (Lair:2)
  A steam dragon (D:8)
  7 water moccasins
  3 acid dragons (D:9)
  A large abomination (Abyss:3)
  3 orc warriors
  An ice beast (D:5)
  3 sky beasts
  2 black bears (Lair:1)
  2 ogres
  19 wolves
  5 centaurs
  A phantom (D:5)
  A small abomination (Abyss:3)
  2 kobold brigands
  2 gnoll sergeants
  6 bullfrogs
  5 scorpions
  4 killer bees (D:8)
  4 howler monkeys
  6 electric eels (D:5)
  4 crimson imps (D:10)
  6 jellies
  A gnoll bouda (D:9)
  A hound (D:4)
  Crazy Yiuf (D:2)
  2 orc priests
  Jessica (D:3)
  Terence (D:2)
  4 iguanas
  8 orc wizards
  9 gnolls
  2 adders (D:2)
  5 shadow imps
  4 white imps
  An ufetubus (D:5)
  An adder zombie (D:2)
  3 worms
  4 dart slugs
  31 orcs
  2 bats (D:1)
  A bat zombie (D:2)
  22 endoplasms
  4 giant cockroaches
  6 goblins
  9 hobgoblins
  4 quokkas
  3 ball pythons
  A ball python skeleton (D:2)
  A ball python zombie (D:2)
  A frilled lizard (D:2)
  A jackal skeleton (D:2)
  13 kobolds
  4 rats
309 creatures vanquished.

Vanquished Creatures (others)
  An orc wizard (D:7)
  2 demonic plants (Gauntlet)
  30 fungi
  26 plants
  14 withered plants (Gauntlet)
73 creatures vanquished.

Grand Total: 382 creatures vanquished

Notes
Turn   | Place    | Note
-------+----------+-------------------------------------------
     0 | D:1      | LabCoat the Hill Orc Fighter began the quest for the Orb.
     0 | D:1      | Reached XP level 1. HP: 19/19 MP: 1/1
   352 | D:1      | Reached XP level 2. HP: 27/27 MP: 2/2
   983 | D:1      | Reached skill level 4 in Fighting
  1149 | D:2      | Reached XP level 3. HP: 33/33 MP: 3/3
  1174 | D:2      | Noticed Terence
  1182 | D:2      | Killed Terence
  1261 | D:2      | Noticed Sigmund
  1390 | D:2      | Reached XP level 4. HP: 35/40 MP: 4/4
  1440 | D:2      | Reached skill level 1 in Evocations
  1494 | D:2      | HP: 2/41 [something/puff of flame (9)]
  1497 | D:2      | Killed Sigmund
  1498 | D:2      | Reached skill level 5 in Fighting
  1498 | D:2      | Reached skill level 1 in Throwing
  1498 | D:2      | Reached skill level 1 in Dodging
  1498 | D:2      | Reached XP level 5. HP: 3/48 MP: 5/5
  1498 | D:2      | Reached XP level 6. HP: 3/56 MP: 6/6
  2071 | D:2      | Found a faded altar of an unknown god.
  2419 | D:2      | Found a runed translucent door.
  2420 | D:2      | Noticed Crazy Yiuf
  2427 | D:2      | Killed Crazy Yiuf
  3401 | D:3      | Noticed Jessica
  3405 | D:3      | Killed Jessica
  3736 | D:4      | Found a blossoming altar of Fedhas.
  3822 | D:4      | Found a stormy altar of Qazlal.
  3826 | D:4      | Noticed a fire elemental
  3830 | D:4      | Noticed an air elemental
  3830 | D:4      | Noticed a water elemental
  3867 | D:4      | Found a staircase to the Ecumenical Temple.
  3881 | Temple   | Entered the Ecumenical Temple
  3949 | Temple   | Became a worshipper of Trog the Wrathful
  4094 | D:4      | Reached skill level 5 in Axes
  4094 | D:4      | Reached XP level 7. HP: 37/61 MP: 7/7
  4223 | D:4      | Found a hazy altar of Hepliaklqana.
  4823 | D:4      | Found a sacrificial altar of Ru.
  4897 | D:5      | Entered Level 5 of the Dungeon
  5081 | D:5      | Reached skill level 6 in Fighting
  5173 | D:5      | Reached XP level 8. HP: 57/70 MP: 8/8
  5238 | D:5      | Reached skill level 5 in Shields
  5257 | D:5      | Reached * piety under Trog
  5628 | D:5      | Found an opulent altar of Gozag.
  6357 | D:6      | Reached skill level 5 in Armour
  6374 | D:6      | Reached skill level 7 in Fighting
  6660 | D:6      | Found a white marble altar of Elyvilon.
  6660 | D:6      | Found a snail-covered altar of Cheibriados.
  6763 | D:6      | Noticed Maggie
  6764 | D:6      | Identified a scroll of acquirement
  6764 | D:6      | Acquired a +2 pair of boots of flying
  6873 | D:6      | Killed Maggie
  6874 | D:6      | Reached XP level 9. HP: 44/79 MP: 9/9
  7686 | D:7      | Found Zezis's Weapon Boutique.
  7701 | D:7      | Noticed Winsalot's ghost (novice GnFE)
  7702 | D:7      | Found a transporter.
  7702 | D:7      | Identified the +1 dire flail "Qesk" {protect, rC+ Will+
                  | Int-2 Dex+3}
  7702 | D:7      | Noticed a two-headed ogre
  7745 | D:7      | Reached skill level 8 in Fighting
  8208 | D:7      | Found the +3 robe of Clouds {*Thunder rCloud rElec}
  8682 | D:7      | Found an ancient bone altar of Kikubaaqudgha.
  8890 | D:8      | Reached ** piety under Trog
  8943 | D:8      | Reached XP level 10. HP: 90/90 MP: 10/10
  9137 | D:8      | Found a staircase to the Lair.
  9146 | D:8      | Reached skill level 9 in Fighting
  9410 | D:8      | Found a burning altar of Makhleb.
  9820 | Lair:1   | Entered Level 1 of the Lair of Beasts
  9833 | Lair:1   | Noticed a cane toad
 10046 | Lair:1   | Killed a cane toad
 10047 | Lair:1   | Reached skill level 5 in Evocations
 10848 | Lair:1   | Reached skill level 10 in Fighting
 10850 | Lair:1   | Reached XP level 11. HP: 99/99 MP: 11/11
 11349 | Lair:1   | Reached skill level 5 in Throwing
 11349 | Lair:1   | Reached skill level 5 in Dodging
 11882 | Lair:2   | Found a transporter.
 11975 | Lair:2   | Found a staircase to the Shoals.
 12000 | Lair:2   | Reached skill level 10 in Axes
 12222 | Lair:2   | Reached skill level 11 in Fighting
 12228 | Lair:2   | HP: 3/153 [polar bear (9)]
 12587 | Lair:2   | Got Vehumet's Discourse on Conjuring
 12624 | Lair:2   | Reached skill level 10 in Shields
 12888 | Lair:2   | Reached XP level 12. HP: 73/110 MP: 12/12
 13098 | Lair:2   | Noticed a death yak
 13099 | Lair:2   | Noticed a death yak
 13100 | Lair:2   | Noticed a death yak
 13124 | Lair:2   | Noticed a death yak
 13126 | Lair:2   | Noticed a death yak
 13126 | Lair:2   | Killed a death yak
 13132 | Lair:2   | Killed a death yak
 13138 | Lair:2   | Killed a death yak
 13144 | Lair:2   | Killed a death yak
 13148 | Lair:2   | Killed a death yak
 13431 | Lair:2   | Found a hole to the Spider Nest.
 13714 | Lair:2   | Reached skill level 12 in Fighting
 13848 | Lair:2   | Noticed Taiwiw's ghost (journeyman FeEn)
 13913 | D:9      | Noticed a two-headed ogre
 13926 | D:9      | Killed a two-headed ogre
 14813 | D:9      | Found the ring of the Mage {Wiz Archmagi}
 15036 | D:10     | Entered Level 10 of the Dungeon
 15080 | D:10     | Reached *** piety under Trog
 15084 | D:10     | Reached skill level 1 in Ranged Weapons
 15457 | D:10     | Found a shimmering altar of Xom.
 15604 | D:10     | Found a radiant altar of Vehumet.
 15952 | D:11     | Found a gate leading to a gauntlet.
 16006 | Gauntlet | Entered a Gauntlet
 16006 | Gauntlet | Found a transporter.
 16039 | Gauntlet | Noticed a soul eater
 16120 | Gauntlet | Found a transporter.
 16122 | Gauntlet | Found a transporter.
 16122 | Gauntlet | Found a transporter.
 16132 | Gauntlet | Found a transporter.
 16147 | Gauntlet | Found a transporter.
 16152 | Gauntlet | Found a transporter.
 16153 | Gauntlet | Noticed a six-headed hydra
 16155 | Gauntlet | Noticed a ghost crab
 16169 | Gauntlet | Found a transporter.
 16186 | Gauntlet | Found a transporter.
 16198 | Gauntlet | Found a transporter.
 16210 | Gauntlet | Found a transporter.
 16219 | Gauntlet | Noticed a quicksilver ooze
 16222 | Gauntlet | Found a transporter.
 16234 | Gauntlet | Found a transporter.
 16252 | Gauntlet | Found a transporter.
 16273 | Gauntlet | Found a transporter.
 16275 | Gauntlet | Found a transporter.
 16304 | Gauntlet | Found a transporter.
 16306 | Gauntlet | Found a transporter.
 16348 | Gauntlet | Killed a soul eater
 16539 | Abyss:3  | Cast into level 3 of the Abyss (a wizard)
 16558 | Abyss:3  | Found a corrupted altar of Lugonu.
 16563 | Abyss:3  | Noticed a red very ugly thing
 16568 | Abyss:3  | Found a corrupted altar of Lugonu.
 16568 | Abyss:3  | Found a corrupted altar of Lugonu.
 16585 | Abyss:3  | Noticed a thrashing horror
 16612 | Abyss:3  | Reached XP level 13. HP: 108/119 MP: 13/13
 16629 | Abyss:3  | HP: 3/119 [large abomination (15)]
 16634 | Abyss:3  | Slain by a small abomination

Illustrated notes

Levels and vault maps discovered:
D:1:      wander_arrival_fairy_ring, layout_basic, dreamdust_wishing_well
D:2:      layout_basic, serial_undead, serial_undead_a, serial_undead_e,
          serial_undead_f, serial_undead_c,
          shapermc_ecumenical_altar_mp_highgroup,
          chequers_serial_rivers_large_a, uniq_sigmund, uniq_crazy_yiuf_cottage,
          uniq_terence
D:3:      layout_basic, serial_glass, glass_columns_c, glass_columns_a,
          uniq_jessica
D:4:      layout_cave_pods, overflow_temple_1_default,
          nicolae_qazlal_style_of_elements, nicolae_ru_the_path_less_chosen,
          amcnicky_altar_gilded, minmay_temple_entry_statues_fountains
D:5:      cheibrodos_two_vegetables, layout_loops_cross,
          mainiacjoe_overflow_paths
D:6:      layout_basic, gammafunk_temple_overflow_wave, uniq_maggie
D:7:      lemuel_slime, layout_loops_cross, nicolae_overflow_hidden_temple,
          gammafunk_ghost_smash, serial_shops, nicolae_shop_trees
D:8:      layout_cave_pools, nicolae_overflow_crystal_walls,
          grunt_lair_entry_orc_guard_hut, kennysheep_flooded_box
D:9:      layout_stronghold
D:10:     layout_big_octagon, nicolae_vehumet_radiance, led_xom_imps
D:11:     layout_gridville, zombieorc2_lemuel, gauntlet_entry_generic
Temple:   nicolae_temple_bog_church
Lair:1:   layout_cave_pods, beast_lair_carwin_8, serial_bayou_shore_a
Lair:2:   layout_gridlike, elwin_shoals_entry_stream, dummy_spider_entry,
          nzn_ghost_randoct
Abyss:3:  base: D:7, grunt_abyss_rune_wretched_hive, minivault_22,
          evilmike_abyss_exit_mutagenic
Gauntlet: gammafunk_gauntlet_one_two_three
          [gammafunk_gauntlet_arena_arrow_garden, gammafunk_gauntlet_arena_grid,
          gammafunk_gauntlet_arena_mazey, nicolae_gauntlet_arena_flowing_pool,
          gammafunk_gauntlet_arena_split_x, gammafunk_gauntlet_arena_crates,
          gammafunk_gauntlet_arena_open, nicolae_gauntlet_arena_grate_2,
          nicolae_gauntlet_swirl, nicolae_gauntlet_exit_dead_adventurers]

Skill      XL: |  1  2  3  4  5  6  7  8  9 10 11 12 |
---------------+-------------------------------------+-----
Axes           | 3 4 5 7 8 9 10 11 | 11.2
Fighting       | 4 5 6 7 8 10 11 12 | 12.7
Evocations     | 1 2 3 4 5 6 7 |  7.1
Throwing       | 1 2 3 4 5 6 |  6.5
Dodging        | 1 2 3 4 5 6 |  6.7
Armour         | 4 5 6 7 8 9 |  9.9
Shields        | 4 6 7 8 10 11 | 11.4
Ranged Weapons | 1 |  1.9

Action                   |  1- 3 |  4- 6 |  7- 9 | 10-12 | 13-15 || total
-------------------------+-------+-------+-------+-------+-------++-------
Melee: War axe           |    65 |   128 |   291 |   564 |    18 ||  1066
Throw: Throwing net      |       |       |     1 |       |       ||     1
       Boomerang         |       |       |     2 |    28 |       ||    30
       Dart              |       |       |       |    24 |       ||    24
Invok: Berserk           |       |       |     3 |    10 |       ||    13
       Trog's Hand       |       |       |       |     9 |     1 ||    10
Evoke: Wand              |       |     1 |    12 |    24 |       ||    37
       Lightning rod     |       |       |       |     4 |     1 ||     5
  Use: Scroll            |     3 |     6 |     7 |    12 |       ||    28
       Potion            |     1 |     2 |    10 |     6 |     3 ||    22
 Stab: Invisible         |       |       |     1 |       |       ||     1
       Paralysed         |       |       |       |    19 |       ||    19
Armor: Scale mail        |    27 |       |       |       |       ||    27
       Chain mail        |     6 |    73 |   172 |    29 |       ||   280
       Plate armour      |       |       |       |   389 |    12 ||   401
Dodge: Dodged            |    29 |    41 |   119 |   333 |    21 ||   543
Block: Buckler           |    17 |    22 |    66 |   197 |     5 ||   307
